 Dungeon Crawl Stone Soup version 0.22-a0-803-gd6d8abeff0 (webtiles) character file.

21051 Htamos the Warrior (level 12, -4/125 HPs)
             Began as a Hill Orc Fighter on July 22, 2018.
             Was a Priest of Beogh.
             Slain by a deep elf knight
             ... wielding a +0 long sword
              (7 damage)
             ... on level 13 of the Dungeon.
             The game lasted 00:44:17 (16810 turns).

Htamos the Warrior (Hill Orc Fighter)              Turns: 16810, Time: 00:44:18

Health: -4/125     AC: 18    Str: 20    XL:     12   Next: 85%
Magic:  8/27       EV:  8    Int:  8    God:    Beogh [***...]
Gold:   417        SH: 12    Dex: 14    Spells: 11/11 levels left

rFire    + . .     SeeInvis .   G - +0 whip (elec)
rCold    + . .     Gourm    .   A - +2 shield of Resistance {rF+ rC+ MR+}
rNeg     . . .     Faith    .   y - +1 plate armour
rPois    .         Spirit   .   (no helmet)
rElec    .         Reflect  .   E - +0 cloak
rCorr    .         Harm     .   (no gloves)
MR       +....                  (no boots)
Stlth    ..........             I - amulet of rage
HPRegen  0.30/turn              r - ring of magical power
MPRegen  0.20/turn              M - +4 ring of evasion

@: very slightly contaminated
A: talons 1, iridescent scales 1
a: Smiting, Renounce Religion, Evoke Berserk Rage


You were on level 13 of the Dungeon.
You worshipped Beogh.
Beogh was most pleased with you.
You were hungry.

You visited 2 branches of the dungeon, and saw 14 of its levels.

You collected 910 gold pieces.
You spent 493 gold pieces at shops.

Inventory:

Hand Weapons
 a - a +0 war axe
 d - a +1 battleaxe
 B - a cursed -3 scythe
 G - a +0 whip of electrocution (weapon)
 J - the cursed +3 long sword of Susa {slice, +Rage Dex+4}
   (You found it on level 12 of the Dungeon)

   It inflicts extra damage upon your enemies.
   It affects your dexterity (+4).
   It lets you go berserk.
   It has a curse placed upon it.
Armour
 b - a +0 scale mail
 c - a +0 shield
 y - a +1 plate armour (worn)
 A - the +2 shield of Resistance (worn) {rF+ rC+ MR+}
   (You bought it in a shop on level 12 of the Dungeon)

   It protects you from fire.
   It protects you from cold.
   It affects your resistance to hostile enchantments.
 E - a +0 cloak (worn)
 L - the cursed +1 leather armour of Vyubas {+Blink, unknown}
   (You found it on level 10 of the Dungeon)

   It lets you blink.
   It has a curse placed upon it.
 N - the +0 Maxwell's etheric cage {RegenMP+ *Contam rElec MP+4}
   (You found it on level 9 of the Dungeon)

   It insulates you from electricity.
   It affects your magic capacity (+4).
   It causes magical contamination when unequipped.
 P - +0 acid dragon scales
Jewellery
 e - a +4 ring of intelligence
 g - an uncursed ring of magical power
 r - a ring of magical power (left hand)
 C - an uncursed ring of magical power
 I - an amulet of rage (around neck)
 M - a +4 ring of evasion (right hand)
Wands
 j - a wand of disintegration (20)
 u - a wand of flame (11)
 v - a wand of acid (17)
 z - a wand of random effects (15)
 D - a wand of enslavement (17)
 K - a wand of polymorph (13)
Scrolls
 k - 5 scrolls of teleportation
 m - 4 scrolls of enchant weapon
 s - 2 scrolls of blinking
 w - 5 scrolls of magic mapping
 x - 3 scrolls of remove curse
 F - 2 scrolls of fear
Potions
 h - a potion of mutation
 i - 2 potions of degeneration {unknown}
 l - 2 potions of haste
 n - 6 potions of curing
 o - 2 potions of agility
 p - a potion of heal wounds
 q - 2 potions of resistance
 t - a potion of brilliance {unknown}
 O - a potion of flight
Comestibles
 f - 19 rations


   Skills:
 * Level 17.0 Fighting
 + Level 14.5 Axes
 + Level 9.5 Armour
 - Level 4.6 Shields
 + Level 8.8 Invocations


You had 11 spell levels left.
You didn't know any spells.
Your spell library contained the following spells:

 Spells                   Type           Power        Failure   Level  Hunger
 Cause Fear               Hex            #.........   100%        4    #####..
 Magic Dart               Conj           #...         100%        1    ##.....
 Conjure Flame            Conj/Fire      #.......     100%        3    ####...
 Slow                     Hex            #.......     100%        2    ###....
 Mephitic Cloud           Conj/Pois/Air  #.......     100%        3    ####...
 Summon Small Mammal      Summ           #...         100%        1    ##.....
 Blink                    Tloc           N/A          100%        2    ###....
 Summon Ice Beast         Ice/Summ       #.......     100%        4    #####..
 Call Imp                 Summ           #.......     100%        2    ###....
 Call Canine Familiar     Summ           #.......     100%        3    ####...
 Corona                   Hex            #......      100%        1    ##.....
 Portal Projectile        Hex/Tloc       #.....       100%        3    ####...
 Leda's Liquefaction      Hex/Erth       #.........   100%        4    #####..
 Inner Flame              Hex/Fire       #.......     100%        3    ####...
 Summon Lightning Spire   Summ/Air       #.......     100%        4    #####..
 Summon Guardian Golem    Hex/Summ       #.......     100%        3    ####...


Dungeon Overview and Level Annotations

Branches:
Dungeon (13/15)            Temple (1/1) D:7            Lair (0/6) D:9
    Orc (0/2) D:10
 Vaults: D:13-14

Altars:
Ashenzari
Cheibriados
Dithmenos
Elyvilon
Gozag
Hepliaklqana
Kikubaaqudgha
Makhleb
Nemelex Xobeh
Ru
Trog
Yredelemnul
Zin

Shops:
D:10 =   D:12 [


Innate Abilities, Weirdness & Mutations

You have sharp toenails.
You are partially covered in iridescent scales. (AC +2)


Message History

As you read the scroll of blinking, it crumbles to dust.
You climb upwards.
There is a stone staircase leading down here.
You are feeling hungry.
You climb downwards.
There is a stone staircase leading up here.
What are your orders? t - Shout!
Orders for allies: a - Attack new target. r - Retreat! s - Stop attacking. g - Guard the area. f - Follow me.
Anything else - Cancel.
Follow me!
The deep elf knight hits you with a long sword.
* * * LOW HITPOINT WARNING * * *
Unknown command.
The deep elf knight hits you with a long sword.
* * * LOW HITPOINT WARNING * * *
The deep elf knight hits you with a long sword!
You die...

.........
#######(#..#.##
#Oc.Oo.(.......
#Oc.YcO(.......
#Y#####(#..#.#
#O# #..........
#O#.Y##.#..#.##
+.####e#.
#.#..# #....@.#
.## .# ######o#
. .# #o# # #
#.. ##.# .. #+#


You could see a centaur warrior, a two-headed ogre, an ogre mage, a deep elf
knight, an ice beast, 2 ogres, a centaur, a friendly orc knight and the friendly
Rocco the orc knight.

Vanquished Creatures
  Josephine (D:12)
  A hydra (D:11)
  3 two-headed ogres
  A skeletal warrior (D:11)
  Pikel (D:7)
  A manticore (D:12)
  A deep elf mage (D:13)
  4 ugly things
  2 cyclopes (D:12)
  Psyche (D:9)
  3 trolls
  2 dream sheep (D:11)
  3 hippogriffs
  16 yaks
  3 wyverns
  2 wraiths (D:12)
  2 hungry ghosts
  Eustachio (D:6)
  Duvessa (D:5)
  4 orc warriors
  A sky beast (D:10)
  4 ice beasts
  6 phantoms
  8 ogres
  5 centaurs
  3 big kobolds
  Blork the orc (D:4)
  8 bullfrogs
  Dowan (D:5)
  2 scorpions (D:7)
  2 troll zombies (D:10)
  9 killer bees
  4 howler monkeys
  An electric eel (D:10)
  11 crimson imps
  A bullfrog zombie (D:5)
  6 jellies
  10 hounds
  3 bullfrog skeletons
  4 centaur skeletons
  Crazy Yiuf (D:7)
  5 orc priests
  8 orc wizards
  Ijyb (D:3)
  Terence (D:2)
  5 iguanas
  9 worker ants
  4 ogre zombies (D:10)
  A hound skeleton (D:6)
  2 worker ant zombies
  6 adders
  8 gnolls
  2 shadow imps
  5 adder skeletons
  3 worms
  3 dart slugs
  5 leopard geckos
  18 orcs
  2 bats (D:3)
  5 giant cockroaches
  7 goblins
  21 hobgoblins
  10 jackals
  6 quokkas
  3 ball pythons
  4 frilled lizards
  A goblin skeleton (D:10)
  2 goblin zombies (D:10)
  A hobgoblin skeleton (D:10)
  2 hobgoblin zombies (D:10)
  A jackal zombie (D:5)
  6 kobolds
  A leopard gecko zombie (D:8)
  2 orc skeletons (D:10)
  15 orc zombies (D:10)
  5 rats
324 creatures vanquished.

Vanquished Creatures (collateral kills)
  A two-headed ogre (D:12)
  A manticore (D:12)
  2 gargoyles (D:11)
  A komodo dragon (D:12)
  3 wraiths
  A wyvern (D:12)
  A yak (D:11)
  A hungry ghost (D:10)
  An acid dragon (D:12)
  An ice beast (D:10)
  2 phantoms
  A centaur (D:12)
  2 big kobolds (D:11)
  A jelly (D:12)
  An iguana (D:12)
  2 ogre zombies (D:10)
  An adder (D:11)
  3 orcs
  A hobgoblin zombie (D:10)
  An orc zombie (D:10)
  A plant (D:11)
29 creatures vanquished.

Vanquished Creatures (others)
  2 orc warriors
  4 slaves (D:8)
  2 orc wizards
  An orc priest (D:8)
  A bullfrog skeleton (D:8)
  A gnoll shaman (D:9)
  A worker ant (D:8)
  8 orcs
  A quokka (D:5)
21 creatures vanquished.

Grand Total: 374 creatures vanquished

Notes
Turn   | Place    | Note
-------+----------+-------------------------------------------
     0 | D:1      | Htamos the Hill Orc Fighter began the quest for the Orb.
     0 | D:1      | Reached XP level 1. HP: 19/19 MP: 1/1
   129 | D:1      | Reached XP level 2. HP: 11/27 MP: 2/2
   466 | D:1      | Reached XP level 3. HP: 32/33 MP: 3/3
   470 | D:1      | Reached skill level 4 in Fighting
  1363 | D:2      | Noticed Terence
  1371 | D:2      | Killed Terence
  1371 | D:2      | Reached XP level 4. HP: 39/40 MP: 4/4
  1948 | D:3      | Noticed Ijyb
  1964 | D:3      | Killed Ijyb
  2122 | D:3      | Reached XP level 5. HP: 44/47 MP: 5/5
  2777 | D:4      | Found a burning altar of Makhleb.
  2791 | D:4      | Reached skill level 5 in Axes
  2792 | D:4      | Found a hazy altar of Hepliaklqana.
  2883 | D:4      | Found a basalt altar of Yredelemnul.
  2884 | D:4      | Found a sacrificial altar of Ru.
  2884 | D:4      | Found a sparkling altar of Nemelex Xobeh.
  2913 | D:4      | Reached XP level 6. HP: 16/55 MP: 6/6
  3175 | D:4      | Noticed Blork the orc
  3206 | D:4      | Killed Blork the orc
  3376 | D:4      | Reached skill level 5 in Fighting
  3702 | D:4      | Found a snail-covered altar of Cheibriados.
  3920 | D:4      | Found a white marble altar of Elyvilon.
  3920 | D:4      | Found a shattered altar of Ashenzari.
  3920 | D:4      | Found a shadowy altar of Dithmenos.
  4214 | D:5      | Entered Level 5 of the Dungeon
  4226 | D:5      | Reached XP level 7. HP: 50/61 MP: 7/7
  4307 | D:5      | Reached skill level 15 in Fighting
  4307 | D:5      | Reached XP level 8. HP: 91/91 MP: 8/8
  4341 | D:5      | Became a worshipper of Beogh the Brigand
  4441 | D:5      | Noticed Duvessa
  4443 | D:5      | Noticed Dowan
  4456 | D:5      | Killed Duvessa
  4456 | D:5      | Reached skill level 5 in Armour
  4467 | D:5      | Killed Dowan
  5663 | D:6      | Noticed Eustachio
  5690 | D:6      | Found an opulent altar of Gozag.
  5754 | D:6      | Killed Eustachio
  5754 | D:6      | Reached XP level 9. HP: 46/97 MP: 9/9
  5975 | D:6      | Reached * piety under Beogh
  6008 | D:6      | Gained mutation: You are partially covered in iridescent scales. (AC +2) [potion of mutation]
  6008 | D:6      | Gained mutation: You have sharp toenails. [potion of mutation]
  6300 | D:6      | Reached skill level 1 in Invocations
  6785 | D:7      | Found a staircase to the Ecumenical Temple.
  6862 | D:7      | Found a runed door.
  6956 | D:7      | Reached XP level 10. HP: 75/106 MP: 11/11
  7040 | Temple   | Entered the Ecumenical Temple
  7659 | D:7      | Found a glowing silver altar of Zin.
  7659 | D:7      | Found an ancient bone altar of Kikubaaqudgha.
  7833 | D:7      | Noticed Crazy Yiuf
  7838 | D:7      | Killed Crazy Yiuf
  8032 | D:8      | Noticed Pikel
  8044 | D:7      | Killed Pikel
  8044 | D:7      | Reached skill level 10 in Axes
  8346 | D:8      | Reached ** piety under Beogh
  8364 | D:8      | Noticed a two-headed ogre
  8376 | D:8      | Killed a two-headed ogre
  9299 | D:9      | Found a bloodstained altar of Trog.
  9314 | D:9      | Noticed Psyche
  9323 | D:9      | Killed Psyche
  9323 | D:9      | Reached XP level 11. HP: 81/114 MP: 14/14
  9329 | D:9      | Paralysed by fainting for 8 turns
  9534 | D:9      | Found a staircase to the Lair.
  9689 | D:9      | Reached skill level 16 in Fighting
  9771 | D:9      | Reached *** piety under Beogh
 10114 | D:9      | Found the +0 Maxwell's etheric cage {RegenMP+ *Contam rElec MP+4}
 10121 | D:9      | Reached skill level 5 in Invocations
 10533 | D:10     | Entered Level 10 of the Dungeon
 10910 | D:10     | Got a faintly glowing leather armour
 11055 | D:10     | Reached **** piety under Beogh
 11090 | D:10     | Found a staircase to the Orcish Mines.
 11419 | D:10     | Noticed a two-headed ogre
 11424 | D:10     | Killed a two-headed ogre
 11458 | D:10     | Gained Rocco as an ally
 11633 | D:10     | Reached ***** piety under Beogh
 11783 | D:10     | Found Kaofral's Jewellery Boutique.
 12268 | D:11     | Noticed a white ugly thing
 12276 | D:11     | Killed a white ugly thing
 13139 | D:11     | Noticed a three-headed hydra
 13145 | D:11     | Killed a three-headed hydra
 13145 | D:11     | Reached XP level 12. HP: 79/124 MP: 17/17
 14797 | D:12     | Noticed Josephine
 14809 | D:12     | Killed Josephine
 14999 | D:12     | Noticed a two-headed ogre
 15013 | D:12     | Killed a two-headed ogre
 15344 | D:12     | Found Lymamy's Armour Boutique.
 15354 | D:12     | Bought the +2 shield of Resistance {rF+ rC+ MR+} for 493 gold pieces
 15354 | D:12     | Found the +2 shield of Resistance {rF+ rC+ MR+}
 15698 | D:12     | Noticed a two-headed ogre
 15710 | D:12     | Killed a two-headed ogre
 15973 | D:12     | Got an ebony long sword
 15974 | D:12     | Identified the cursed +3 long sword of Susa {slice, +Rage Dex+4} (You found it on level 12 of the Dungeon)
 16785 | D:13     | Noticed a two-headed ogre
 16786 | D:13     | Noticed a deep elf knight
 16788 | D:13     | Noticed an ogre mage
 16790 | D:13     | Reached skill level 17 in Fighting
 16793 | D:13     | Noticed a centaur warrior
 16810 | D:13     | HP: 3/125 [deep elf knight/long sword (4)]
 16810 | D:13     | Slain by a deep elf knight

Vault maps used:
D:1:      lemuel_arrival_cross, minmay_crystal_water, minmay_circled_x
D:2:      corexii_item_surrounded_by_moat, uniq_terence
D:3:      first_ration, kennysheep_generic_room_15, uniq_ijyb
D:4:      kennysheep_slug_shrine, grunt_temple_overflow_open, uniq_blork_the_orc
D:5:      sigmund_army, uniq_duvessa
D:6:      kennysheep_mini, uniq_eustachio
D:7:      gammafunk_temple_overflow_pools, minmay_temple_entry_glass,
          uniq_crazy_yiuf_cottage
D:8:      uniq_pikel
D:9:      kennysheep_housing_project, lemuel_crystal_altar, lair_entry_dummy,
          uniq_psyche
D:10:     zombieorc2_lemuel, serial_bayou, serial_bayou_lagoon_a,
          serial_bayou_pond_e, serial_bayou_pond_d, serial_bayou_pond_b,
          serial_shops, shop
D:11:     hangedman_ranch, minmay_joined_circles
D:12:     serial_shops, shop, uniq_josephine
D:13:     hangedman_vaults_entry_quadrant_bands
Temple:   kb_temple_of_zot

Skill      XL: |  1  2  3  4  5  6  7  8  9 10 11 12 |
---------------+-------------------------------------+-----
Axes           | 3 4 5 6 7 9 11 13 14 | 14.5
Fighting       | 4 5 15 16 17 | 17.0
Armour         | 4 5 6 7 8 9 |  9.5
Shields        | 4 |  4.6
Invocations    | 1 4 6 8 |  8.8

Action                   |  1- 3 |  4- 6 |  7- 9 | 10-12 || total
-------------------------+-------+-------+-------+-------++-------
Melee: War axe           |   114 |   148 |       |       ||   262
       Battleaxe         |       |     5 |   245 |   420 ||   670
       Kick              |       |       |    23 |   199 ||   222
       Whip              |       |       |       |   251 ||   251
Invok: Convert to Beogh  |       |       |     1 |       ||     1
       Smiting           |       |       |       |    20 ||    20
Evoke: Wand              |       |     1 |    10 |       ||    11
  Use: Potion            |       |     2 |     7 |     8 ||    17
       Scroll            |       |     3 |     3 |    23 ||    29
 Stab: Distracted        |       |       |       |     6 ||     6
  Eat: Chunk             |     2 |     8 |    10 |    20 ||    40
       Ration            |       |       |       |     6 ||     6
Armor: Scale mail        |    43 |    51 |       |       ||    94
       Plate armour      |       |     4 |   192 |   432 ||   628
       Skin              |       |       |       |    25 ||    25
Dodge: Dodged            |    28 |    38 |   104 |   238 ||   408
Block: Shield            |    49 |    65 |       |    41 ||   155

Table legend:
 A = Spawn XP
 B = Non-spawn XP
 C = Spawn XP percentage of total XP
 D = Spawn monster count
 E = Non-spawn monster count
 F = Spawn count percentage of total count
 G = Total turns spent on level
                    A         B        C        D         E        F      G
               +---------+---------+-------+---------+---------+-------+---------
         Total |       0 |   29456 |   0.0 |       0 |     353 |   0.0 | 16810
               +---------+---------+-------+---------+---------+-------+---------
           D:1 |       0 |      48 |   0.0 |       0 |      24 |   0.0 |   996
           D:2 |       0 |      52 |   0.0 |       0 |      10 |   0.0 |   714
           D:3 |       0 |      98 |   0.0 |       0 |      21 |   0.0 |  1067
           D:4 |       0 |     406 |   0.0 |       0 |      16 |   0.0 |  1437
           D:5 |       0 |     770 |   0.0 |       0 |      23 |   0.0 |  1354
           D:6 |       0 |    2291 |   0.0 |       0 |      28 |   0.0 |  1192
           D:7 |       0 |    1708 |   0.0 |       0 |      24 |   0.0 |   976
           D:8 |       0 |    2633 |   0.0 |       0 |      26 |   0.0 |   946
           D:9 |       0 |    3056 |   0.0 |       0 |      57 |   0.0 |  1988
          D:10 |       0 |    3141 |   0.0 |       0 |      56 |   0.0 |  1220
          D:11 |       0 |    7851 |   0.0 |       0 |      39 |   0.0 |  2557
          D:12 |       0 |    6713 |   0.0 |       0 |      27 |   0.0 |  2031
          D:13 |       0 |     689 |   0.0 |       0 |       2 |   0.0 |    35
               +---------+---------+-------+---------+---------+-------+---------
